 Dungeon Crawl Stone Soup version 0.26.1-11-gd32895ea62 (webtiles) character file.

Game seed: 5477443376760923603

28569 Almogavar the Unseen (level 13, -2/72 HPs)
             Began as a Kobold Conjurer on May 26, 2021.
             Was an Elder of Nemelex Xobeh.
             Slain by a red ugly thing (6 damage)
             ... in a volcano.
             The game lasted 01:42:01 (24945 turns).

Almogavar the Unseen (Kobold Conjurer)             Turns: 24945, Time: 01:42:03

Health: -2/72      AC: 10    Str:  9    XL:     13   Next: 74%
Magic:  19/28      EV: 19    Int: 23    God:    Nemelex Xobeh [****..]
Gold:   1851       SH:  0    Dex: 17    Spells: 25/34 levels left

rFire    + . .     SeeInvis .   L - +12 falchion "Attud" {pain, Str+4}
rCold    . . .     Faith    .   (shield restricted)
rNeg     . . .     Spirit   .   D - +0 acid dragon scales
rPois    .         Reflect  .   (no helmet)
rElec    .         Harm     .   j - +0 cloak
rCorr    +         Rampage  .   B - +0 pair of gloves {Dex+3}
Will     .....                  f - +0 pair of boots (curse)
Stlth    +++++++...             n - amulet of the acrobat
HPRegen  0.22/turn              m - ring of fire
MPRegen  0.21/turn              E - ring of protection from cold

@: about to teleport, studying Stealth
A: small, nightstalker 3
a: Renounce Religion, Draw Escape, Draw Destruction, Draw Summoning, Triple
Draw, Deal Four


You were in a volcano.
You worshipped Nemelex Xobeh.
Nemelex Xobeh was greatly pleased with you.
You visited 4 branches of the dungeon, and saw 15 of its levels.
You also visited: Sewer and Volcano.

You collected 1851 gold pieces.

Inventory:

Hand Weapons
 k - a +1 short sword of venom
 L - the +12 falchion "Attud" (weapon) {pain, Str+4}
   (You found it on level 10 of the Dungeon)

   In the hands of one skilled in necromantic magic, it inflicts extra damage on
   living creatures.
   It affects your strength (+4).
Armour
 d - a +0 scale mail
 e - a +2 scale mail of fire resistance
 f - a cursed +0 pair of boots (worn)
 j - a +0 cloak (worn)
 x - a +0 buckler
 B - a +0 pair of gloves of dexterity (worn)
 D - +0 acid dragon scales (worn)
Magical Staves
 t - an uncursed staff of conjuration
 J - an uncursed staff of death
Jewellery
 m - a ring of fire (left hand)
 n - an amulet of the acrobat (around neck)
 A - an uncursed amulet of reflection
 E - a ring of protection from cold (right hand)
Wands
 r - a wand of digging (10)
 y - a wand of enslavement (5)
Scrolls
 b - 8 scrolls of remove curse
 g - 4 scrolls of enchant weapon
 i - 2 scrolls of enchant armour
 q - 2 scrolls of fog
 s - 4 scrolls of teleportation
 u - 3 scrolls of fear
 w - 2 scrolls of magic mapping
 F - 5 scrolls of blinking {unknown}
Potions
 a - 7 potions of flight
 c - 3 potions of lignification
 h - 6 potions of curing
 o - 2 potions of might
 z - 3 potions of heal wounds
 C - 4 potions of brilliance {unknown}
 G - 2 potions of haste {unknown}
 N - a potion of magic {unknown}
Books
 I - a manual of Stealth
Miscellaneous
 l - a lightning rod (4/4)
 v - a tin of tremorstones (2/2)
 M - a phial of floods


   Skills:
 + Level 4.9 Fighting
 + Level 4.8(7.2) Short Blades
 + Level 5.2(5.6) Long Blades
 + Level 4.3 Armour
 + Level 8.5 Dodging
 + Level 15.5 Stealth
 + Level 11.2 Spellcasting
 + Level 11.2 Conjurations
 + Level 5.7 Translocations


You had 25 spell levels left.
You knew the following spells:

 Your Spells              Type           Power        Failure   Level
a - Magic Dart            Conj           100%         1%          1
b - Searing Ray           Conj           100%         1%          2
c - Blink                 Tloc           N/A          1%          2
d - Iskenderun's Mystic   Conj/Tloc      51%          2%          4

Your spell library contained the following spells:

 Spells                   Type           Power        Failure   Level
 Apportation              Tloc           78%          1%          1
 Conjure Flame            Conj/Fire      55%          2%          3
 Dazzling Flash           Conj/Hex       76%          2%          3
 Mephitic Cloud           Conj/Pois/Air  30%          5%          3
 Fulminant Prism          Conj/Hex       19%          8%          4
 Animate Skeleton         Necr           24%          9%          1
 Corona                   Hex            13%          9%          1
 Summon Small Mammal      Summ           48%          9%          1
 Call Imp                 Summ           12%          12%         2
 Slow                     Hex            12%          12%         2
 Call Canine Familiar     Summ           12%          24%         3
 Summon Guardian Golem    Hex/Summ       12%          24%         3
 Cause Fear               Hex            6%           63%         4
 Summon Ice Beast         Ice/Summ       12%          63%         4
 Summon Lightning Spire   Summ/Air       12%          63%         4
 Silence                  Hex/Air        6%           92%         5
 Yara's Violent Unravell  Hex/Tmut       6%           92%         5
 Discord                  Hex            6%           100%        8


Dungeon Overview and Level Annotations

Branches:
Dungeon (11/15)            Temple (1/1) D:5            Lair (1/6) D:11
    Orc (2/2) D:9             Elf (0/3) Orc:2         Sewer (visited)
Volcano (1/1)

Altars:
Ashenzari
Cheibriados
Dithmenos
Elyvilon
Fedhas
Gozag
Hepliaklqana
Nemelex Xobeh
Okawaru
Qazlal
Ru
Sif Muna
Trog
Uskayaw
Vehumet
Xom
Yredelemnul
Zin
The Shining One
Beogh
Jiyva

Shops:
D:10 :(?:[   Orc:2 [*:!=

Portals:
Trove: D:10 (give +6 demon whip)

Annotations:
D:4 Natasha
D:11 TangoThomas's ghost, journeyman NaAK


Innate Abilities, Weirdness & Mutations

You are small and have problems with some larger weapons.
You are completely attuned to the shadows.


Message History

The red ugly thing stings your killer bee.
Your killer bee is engulfed in flames!!
Your killer bee dies!
Your killer bee's corpse disappears in a puff of smoke!
The red ugly thing gurgles horribly!
Unknown command.
You draw a card...
You have drawn the Elixir.
You begin rapidly regenerating magic.
You hear a horrible gurgling sound!
The killer bee closely misses you.
Your killer bee stings the killer bee!
The killer bee dies!
The killer bee's corpse disappears in a puff of smoke!
The molten gargoyle blasts magma at you!
The bolt of magma hits you!! You partially resist.
* * * LOW HITPOINT WARNING * * *
The red ugly thing stings you.
* * * LOW HITPOINT WARNING * * *
You are engulfed in flames.
You resist.
You die...
Your body disappears without a glow.

#.# ##'##
##...##
#.....#
#..∩..# $
#.....# [$
###§###
...###u..#
...'9@y....
######8_8###
#...# #####


You could see a red ugly thing, a molten gargoyle and a friendly killer bee
(summoned).

Vanquished Creatures
  A fire dragon (D:11)
  3 two-headed ogres
  An orc high priest (Orc:1)
  Pikel (D:5)
  11 orc knights
  3 orc sorcerers
  An oklob plant (D:10)
  An ugly thing (D:10)
  A centaur zombie (D:11)
  A gargoyle (D:10)
  A smoke demon (Volcano)
  A rime drake (Lair:1)
  5 trolls
  A hornet (D:10)
  3 slime creatures (D:11)
  A wraith (D:11)
  2 wyverns (D:9)
  4 fire bats (Volcano)
  A vampire (D:11)
  9 yaks
  9 wargs
  2 soldier ants
  An acid dragon (D:11)
  A water moccasin (Lair:1)
  2 hell hounds (Volcano)
  3 sky beasts
  46 orc warriors
  Purgy (Sewer)
  5 ice beasts
  An eye of draining (D:11)
  12 ogres
  4 centaurs
  3 phantoms
  4 lemures (D:5)
  9 bullfrogs
  A scorpion (D:8)
  A wyvern skeleton (D:6)
  A water moccasin skeleton (D:7)
  7 killer bees
  4 howler monkeys
  6 jellies
  5 wights
  3 electric eels (D:11)
  4 lava snakes (Volcano)
  4 bullfrog zombies
  3 quasits
  5 hounds
  2 bullfrog skeletons
  20 orc priests
  The ghost of gwenloh the Vexing, a weakling FeEn (D:3)
  A centaur skeleton (D:9)
  18 orc wizards
  Natasha (D:4)
  4 iguanas
  5 worker ants
  A hound zombie (D:9)
  A hound skeleton (D:5)
  3 howler monkey skeletons
  15 adders
  4 gnolls (D:4)
  3 river rats (D:3)
  2 hound simulacra (D:3)
  3 white imps
  An ufetubus (D:6)
  3 oozes
  An adder skeleton (D:7)
  3 adder zombies
  A worm (D:2)
  An adder simulacrum (D:3)
  4 dart slugs
  5 leopard geckos
  108 orcs
  5 ball pythons
  4 bats
  7 giant cockroaches
  10 goblins
  12 hobgoblins
  8 jackals
  5 quokkas
  12 frilled lizards
  A jackal simulacrum (D:3)
  A jackal skeleton (D:5)
  3 jackal zombies (D:5)
  15 kobolds
  A leopard gecko simulacrum (D:3)
  2 quokka skeletons (D:5)
  A quokka zombie (D:5)
  11 rats
508 creatures vanquished.

Vanquished Creatures (others)
  A bullfrog (D:6)
  2 orc wizards (D:6)
  Natasha (D:4)
  6 orcs (D:6)
  A giant cockroach zombie (D:6)
  9 plants
20 creatures vanquished.

Grand Total: 528 creatures vanquished

Notes
Turn   | Place    | Note
-------+----------+-------------------------------------------
     0 | D:1      | Almogavar the Kobold Conjurer began the quest for the Orb.
     0 | D:1      | Reached XP level 1. HP: 10/10 MP: 3/3
   340 | D:1      | Reached XP level 2. HP: 15/15 MP: 3/5
   343 | D:1      | Learned a level 2 spell: Searing Ray
   849 | D:1      | Reached XP level 3. HP: 19/19 MP: 2/6
  1156 | D:1      | Reached skill level 3 in Stealth
  1871 | D:1      | Reached XP level 4. HP: 24/24 MP: 1/7
  2408 | D:2      | Reached skill level 5 in Conjurations
  2583 | D:2      | Learned a level 2 spell: Blink
  2915 | D:3      | Found a bloodstained altar of Trog.
  3019 | D:3      | Found a glowing golden altar of the Shining One.
  3063 | D:3      | Reached XP level 5. HP: 8/28 MP: 0/9
  3078 | D:3      | HP: 1/28 [river rat (8)]
  3095 | D:3      | Found a glowing drain.
  3101 | Sewer    | Entered a sewer
  3226 | Sewer    | Noticed Purgy
  3230 | Sewer    | Killed Purgy
  3231 | Sewer    | Reached skill level 4 in Stealth
  3231 | Sewer    | Reached XP level 6. HP: 25/32 MP: 4/10
  3677 | D:3      | Found a runed translucent gate.
  3678 | D:3      | Found a runed translucent gate.
  3880 | D:3      | Found a runed translucent gate.
  4131 | D:3      | Found a sacrificial altar of Ru.
  4214 | D:3      | Found a glowing silver altar of Zin.
  4616 | D:3      | Noticed gwenloh's ghost (weakling FeEn)
  4629 | D:3      | Killed gwenloh's ghost
  4847 | D:4      | Noticed an ogre
  4854 | D:4      | Killed an ogre
  4855 | D:4      | Reached skill level 1 in Short Blades
  4855 | D:4      | Reached skill level 5 in Stealth
  4855 | D:4      | Reached skill level 1 in Translocations
  4855 | D:4      | Reached XP level 7. HP: 37/37 MP: 8/12
  5285 | D:4      | Found a stormy altar of Qazlal.
  5619 | D:4      | Noticed Natasha
  5621 | D:4      | Killed Natasha
  5789 | D:4      | Killed Natasha
  5812 | D:4      | Noticed Natasha
  5885 | D:4      | Reached skill level 6 in Stealth
  6131 | D:5      | Entered Level 5 of the Dungeon
  6149 | D:4      | Reached XP level 8. HP: 39/42 MP: 5/14
  6496 | D:5      | Found a staircase to the Ecumenical Temple.
  6504 | Temple   | Entered the Ecumenical Temple
  6631 | Temple   | Became a worshipper of Nemelex Xobeh the Trickster
  6774 | D:5      | Noticed Pikel
  6894 | D:5      | Killed Pikel
  6895 | D:5      | Reached skill level 1 in Fighting
  6895 | D:5      | Reached skill level 7 in Stealth
  6895 | D:5      | Reached XP level 9. HP: 41/47 MP: 3/16
  7196 | D:5      | Found a radiant altar of Vehumet.
  7480 | D:5      | Reached skill level 8 in Stealth
  7550 | D:6      | Reached skill level 5 in Dodging
  7550 | D:6      | Reached skill level 5 in Spellcasting
  8297 | D:6      | Reached skill level 9 in Stealth
  8532 | D:6      | Reached skill level 1 in Armour
  8532 | D:6      | Reached XP level 10. HP: 36/53 MP: 0/18
  8705 | D:6      | Reached * piety under Nemelex Xobeh
  9741 | D:7      | Found a white marble altar of Elyvilon.
  9753 | D:7      | Reached skill level 10 in Stealth
  9873 | D:7      | You fall into a shaft and drop 2 floors!
  9958 | D:9      | Learned a level 4 spell: Iskenderun's Mystic Blast
 10073 | D:8      | Found a hide-covered altar of Uskayaw.
 10330 | D:8      | Received a gift from Nemelex Xobeh
 10875 | D:7      | Reached ** piety under Nemelex Xobeh
 11015 | D:7      | Found a shimmering blue altar of Sif Muna.
 12190 | D:9      | Found a staircase to the Orcish Mines.
 12523 | D:9      | Reached skill level 11 in Stealth
 12523 | D:9      | Reached XP level 11. HP: 57/57 MP: 18/22
 12819 | D:10     | Entered Level 10 of the Dungeon
 12829 | D:10     | Got a crystal falchion
 12830 | D:10     | Identified the +12 falchion "Attud" {pain, Str+4} (You
                  | found it on level 10 of the Dungeon)
 12965 | D:10     | Noticed a two-headed ogre
 12976 | D:10     | Killed a two-headed ogre
 12977 | D:10     | Reached skill level 1 in Long Blades
 12977 | D:10     | Reached skill level 12 in Stealth
 13275 | D:10     | Found Wiusat's Antique Weapon Shoppe.
 13328 | D:10     | Found Acoimup's Book Shop.
 13445 | D:10     | Found Jiufion's Magic Scroll Boutique.
 13546 | D:10     | Found Vuqa's Book Shoppe.
 13671 | D:10     | Noticed a two-headed ogre
 13678 | D:10     | Killed a two-headed ogre
 13679 | D:10     | Reached skill level 13 in Stealth
 13949 | D:10     | Reached *** piety under Nemelex Xobeh
 13982 | D:10     | Found Jamy's Antique Armour Emporium.
 14234 | D:10     | Found a blossoming altar of Fedhas.
 14327 | D:10     | Found a portal to a secret trove of treasure.
 14475 | D:10     | Noticed an oklob plant
 14482 | D:10     | Killed an oklob plant
 14903 | D:11     | Noticed a two-headed ogre
 14909 | D:11     | Killed a two-headed ogre
 14916 | D:11     | Reached skill level 14 in Stealth
 15351 | D:11     | Received a gift from Nemelex Xobeh
 15397 | D:11     | Found a staircase to the Lair.
 15601 | D:11     | Found a broken altar of Ashenzari.
 15657 | D:11     | Noticed a cyan ugly thing
 15693 | D:10     | Killed a cyan ugly thing
 15694 | D:10     | Reached XP level 12. HP: 24/64 MP: 5/24
 16089 | D:11     | Found a runed translucent gate.
 16089 | D:11     | Found a runed translucent gate.
 16089 | D:11     | Found a runed translucent gate.
 16337 | D:11     | Noticed a fire dragon
 16806 | D:11     | Killed a fire dragon
 17150 | D:11     | Noticed TangoThomas's ghost (journeyman NaAK)
 17154 | D:11     | Found a viscous altar of Jiyva.
 17802 | Orc:1    | Entered Level 1 of the Orcish Mines
 18856 | Orc:1    | Reached skill level 5 in Translocations
 19473 | Orc:2    | Entered Level 2 of the Orcish Mines
 19475 | Orc:2    | Found a staircase to the Elven Halls.
 19801 | Orc:1    | Reached skill level 10 in Conjurations
 20676 | Orc:2    | Noticed an orc high priest
 20744 | Orc:2    | Reached skill level 15 in Stealth
 21098 | Orc:1    | Reached XP level 13. HP: 44/70 MP: 19/26
 21511 | Orc:1    | Reached skill level 10 in Spellcasting
 22134 | Orc:1    | Reached skill level 5 in Long Blades
 22384 | Orc:2    | Received a gift from Nemelex Xobeh
 23366 | Orc:2    | Found a roughly hewn altar of Beogh.
 24017 | Orc:2    | Found Tekhleps's Jewellery Shoppe.
 24026 | Orc:2    | Found Dofawiodd's Distillery.
 24088 | Orc:2    | Found Fioshre's Antique Armour Boutique.
 24092 | Orc:2    | Reached **** piety under Nemelex Xobeh
 24114 | Orc:2    | Found Voud's Book Shoppe.
 24123 | Orc:2    | Found Mihezeush's General Store.
 24547 | Lair:1   | Entered Level 1 of the Lair of Beasts
 24653 | Lair:1   | Found a dark tunnel.
 24662 | Volcano  | Entered a volcano
 24676 | Volcano  | Received a gift from Nemelex Xobeh
 24928 | Volcano  | Found a radiant altar of Vehumet.
 24945 | Volcano  | Slain by a red ugly thing

Illustrated notes

Levels and vault maps discovered:
D:1:      ebering_trefoil_3fold, layout_loops_ring, minmay_misc_feat_pillars
D:2:      layout_basic, minmay_misc_feat_alley
D:3:      layout_loops_ring, nicolae_overflow_hidden_temple,
          grunt_temple_overflow_open, portal_sewer_entry_b, gammafunk_ghost_icy,
          trog_hazing_becter
D:4:      layout_basic, grunt_qazlal_clouds, uniq_natasha
D:5:      layout_cave_pools, kennysheep_little_box,
          minmay_temple_entry_statues_pillars, serial_undead, serial_undead_e,
          serial_undead_c, serial_undead_d, serial_undead_a, uniq_pikel
D:6:      layout_loops_ring, lemuel_flamethrower_2
D:7:      layout_basic, lemuel_coloured_pillars_altar, minmay_misc_feat_five,
          elyvilon_altar_1
D:8:      layout_loops_ring, eat_drink_and_be_merry_uskayaw,
          minmay_manual_monstrance
D:9:      layout_basic, orc_0_dummy
D:10:     layout_gridville, serial_shops, shop_statue, shop,
          nicolae_shop_crystal, nicolae_shop_crystal, shop, enter_trove_3,
          tgw_fedhas
D:11:     dragon1_lemuel, layout_cross, lair_entry_dummy, gammafunk_ghost_ooze,
          ashenzari_altar_1
Temple:   regret_index_temple_generic_petals
Lair:1:   layout_gridlike, nicolae_volcano_entry_s_turn
Orc:1:    layout_caves, special_room [special_room_orc]
Orc:2:    st_orc_town, layout_caves, serial_shops, shop
Volcano:  volcano_grotto [vgs_original]

Skill      XL: |  1  2  3  4  5  6  7  8  9 10 11 12 13 |
---------------+----------------------------------------+-----
Stealth        | 3 4 5 6 7 9 11 14 15 | 15.5
Dodging        | 3 4 5 7 8 |  8.5
Conjurations   | 5 6 7 8 9 10 11 | 11.2
Spellcasting   | 3 4 5 7 8 9 11 | 11.2
Short Blades   | 1 2 3 4 |  4.8
Translocations | 1 3 4 5 |  5.7
Fighting       | 1 2 4 |  4.9
Armour         | 1 3 4 |  4.3
Long Blades    | 3 4 5 |  5.2

Action                   |  1- 3 |  4- 6 |  7- 9 | 10-12 | 13-15 || total
-------------------------+-------+-------+-------+-------+-------++-------
Melee: Unarmed           |     8 |       |       |       |       ||     8
       Dagger            |       |    59 |    12 |     3 |       ||    74
       Staff             |       |     2 |       |       |       ||     2
       Short sword       |       |       |       |    12 |       ||    12
       Falchion          |       |       |       |    60 |    17 ||    77
 Cast: Magic Dart        |    11 |    11 |     3 |    10 |     1 ||    36
       Searing Ray       |    24 |    43 |    79 |   215 |   119 ||   480
       Iskenderun's Myst |       |       |       |    25 |    19 ||    44
       Blink             |       |       |       |     3 |       ||     3
Invok: Draw Destruction  |       |       |       |     4 |     1 ||     5
       Draw Summoning    |       |       |       |     2 |     1 ||     3
       Draw Escape       |       |       |       |     1 |     1 ||     2
  Use: Scroll            |       |    11 |     4 |     6 |     2 ||    23
       Potion            |       |     1 |       |       |     1 ||     2
 Stab: Sleeping          |       |    15 |    11 |    24 |     4 ||    54
       Distracted        |       |       |       |     1 |     1 ||     2
Armor: Robe              |       |    13 |     7 |       |       ||    20
       Leather armour    |       |       |     2 |    23 |       ||    25
       Acid dragon scale |       |       |       |    22 |    14 ||    36
Dodge: Dodged            |    12 |    97 |    62 |   349 |   142 ||   662
       Rpst.: Falchion   |       |       |       |    63 |    21 ||    84
